 Dungeon Crawl Stone Soup version 0.31-a0-940-gdaa99269f9 (webtiles) character file.

Game seed: 13132519609301102285

167501 freelancePsychic the Warrior (level 17, -7/154 HPs)
             Began as a Demonspawn Delver on Oct 20, 2023.
             Was a High Priest of Ashenzari.
             Killed from afar by a nagaraja (42 damage)
             ... with a bolt of poison
             ... on level 4 of the Snake Pit.
             The game lasted 01:20:53 (32507 turns).

freelancePsychic the Warrior (Demonspawn Delver)   Turns: 32507, Time: 01:20:54

Health: -7/154     AC: 11    Str: 15    XL:     17   Next: 31%
Magic:  0/40       EV: 21    Int: 21    God:    Ashenzari [*****.]
Gold:   1558       SH:  5    Dex: 21    Spells: 12/37 levels left

rFire   + + .        H - +8 arc blade {discharge, rElec, Bglg, Self} (curse)
rCold   + + .        s - orb "Omniscient Incredulity" {guile, Alch, Self} (curse)
rNeg    . . .        d - +3 leather armour of the Fated Apathy {rC+ rF+, Bglg, Alch} (curse)
rPois   .            (helmet restricted)
rElec   +            C - scarf "At What Cost Knowledge?" {repulsion, rC+ Str+3, Bglg, Alch} (curse)
rCorr   +            u - +1 pair of gloves of the Ruined Sphere {Elem, Melee} (curse)
SInv    +            P - +2 pair of boots of the Manifest Firmament {Elem, Fort} (curse)
Will    .....        y - amulet of Sypiaw {Reflect Regen+ rCorr Slay+2 SH+5}
Stlth   +++++++      T - ring of the Gnostic God {Fly rElec MP+9 Int+3, Self, Bglg} (curse)
HPRegen 1.25/turn    F - ring "Gloom of Ashenzari" {Wiz, Bglg, Range} (curse)
MPRegen 0.54/turn

%: repel missiles, reflection, clarity, guardian spirit, wizardry (x1)
@: lethally poisoned (-7 -> -35), untranslocatable, flying, very slightly
contaminated, slowed, studying Unarmed Combat, very slow
A: horns 2, thin skeletal structure 2, spiny 3, magic shield, magic
regeneration, hooves 1, fire resistance 1
a: Renounce Religion, Shatter the Chains


You were on level 4 of the Snake Pit.
You worshipped Ashenzari.
Ashenzari was extremely pleased with you.
You visited 5 branches of the dungeon, and saw 27 of its levels.
You visited 1 bazaar.
You also visited: Ice Cave and Volcano.

You collected 2998 gold pieces.
You spent 1440 gold pieces at shops.

Inventory:

Hand Weapons
 a - a +0 short sword of freezing
 i - a +0 sling
 H - the cursed +8 arc blade (weapon) {discharge, rElec, Bglg, Self}
   (You acquired it on level 2 of the Snake Pit)

   rElec:     It insulates you from electricity.
   It has a curse which improves the following skills: Beguiling: Conjurations,
   Hexes and Translocations.
   Introspection: Fighting and Spellcasting.
Missiles
 k - 44 poisoned darts
 m - 2 throwing nets
Armour
 d - the cursed +3 leather armour of the Fated Apathy (worn) {rC+ rF+, Bglg, Alch}
   (You found it in an ice cave)

   It has a curse which improves the following skills: Beguiling: Conjurations,
   Hexes and Translocations.
   Alchemy:   Poison Magic and Transmutations.
 s - the cursed orb "Omniscient Incredulity" (worn) {guile, Alch, Self}
   (You found it on level 2 of the Dungeon)

   It has a curse which improves the following skills: Alchemy: Poison Magic and
   Transmutations.
   Introspection: Fighting and Spellcasting.
 u - the cursed +1 pair of gloves of the Ruined Sphere (worn) {Elem, Melee}
   (You found it on level 3 of the Dungeon)

   It has a curse which improves the following skills: Elements: Fire Magic, Ice
   Magic, Air Magic and Earth Magic.
   Melee Combat: Short Blades, Long Blades, Axes, Maces & Flails, Polearms,
   Staves and Unarmed Combat.
 C - the cursed scarf "At What Cost Knowledge?" (worn) {repulsion, rC+ Str+3, Bglg, Alch}
   (You bought it in a shop on level 1 of the Dungeon)

   Str+3:     It affects your strength (+3).
   rC+:       It protects you from cold.
   It has a curse which improves the following skills: Beguiling: Conjurations,
   Hexes and Translocations.
   Alchemy:   Poison Magic and Transmutations.
 G - a +2 cloak of willpower
 P - the cursed +2 pair of boots of the Manifest Firmament (worn) {Elem, Fort}
   (You found it in an ice cave)

   It has a curse which improves the following skills: Elements: Fire Magic, Ice
   Magic, Air Magic and Earth Magic.
   Fortitude: Armour and Shields.
Jewellery
 r - an amulet of magic regeneration
 w - a ring of poison resistance
 y - the amulet of Sypiaw (around neck) {Reflect Regen+ rCorr Slay+2 SH+5}
   (You bought it in a shop on level 3 of the Snake Pit)

   [amulet of reflection]

   Reflect:   It reflects blocked missile attacks.
   Slay+2:    It affects your accuracy & damage with ranged weapons and melee
   (+2).
   Regen+:    It increases your rate of health regeneration.
   rCorr:     It protects you from acid and corrosion.
   SH+5:      It affects your SH (+5).
 F - the cursed ring "Gloom of Ashenzari" (right hand) {Wiz, Bglg, Range}
   (You found it on level 9 of the Dungeon)

   [ring of wizardry]

   Wiz:       It improves your spell success rate.
   It has a curse which improves the following skills: Beguiling: Conjurations,
   Hexes and Translocations.
   Ranged Combat: Ranged Weapons and Throwing.
 T - the cursed ring of the Gnostic God (left hand) {Fly rElec MP+9 Int+3, Self, Bglg}
   (You found it on level 1 of the Lair of Beasts)

   [ring of magical power]

   Int+3:     It affects your intelligence (+3).
   rElec:     It insulates you from electricity.
   MP+9:      It affects your magic capacity (+9).
   Fly:       It grants you flight.
   It has a curse which improves the following skills: Introspection: Fighting
   and Spellcasting.
   Beguiling: Conjurations, Hexes and Translocations.
Wands
 b - a wand of polymorph (3)
 g - a wand of digging (14)
 n - a wand of flame (23)
 I - a wand of roots (26)
 U - a wand of acid (2)
 W - a wand of paralysis (4)
Scrolls
 c - 6 scrolls of fog
 o - 5 scrolls of amnesia
 t - 5 scrolls of vulnerability
 v - 4 scrolls of poison
 A - 2 scrolls of silence
 D - 5 scrolls of fear
 E - a scroll of immolation
 J - 8 scrolls of teleportation {@r4}
 N - a scroll of enchant weapon
 O - 7 scrolls of summoning
 R - a scroll of brand weapon
 X - 3 scrolls of blinking
Potions
 f - 3 potions of lignification
 h - 5 potions of brilliance
 j - 2 potions of attraction
 l - 7 potions of curing {@q1}
 p - a potion of berserk rage
 q - 5 potions of mutation
 x - 4 potions of might
 z - a potion of cancellation
 B - 3 potions of invisibility
 K - 4 potions of haste {@q3}
 M - 3 potions of heal wounds {@q2}
 S - a potion of enlightenment
 V - 3 potions of ambrosia
Miscellaneous
 e - a phantom mirror


   Skills:
 - Level 15.6(19.7) Fighting
 * Level 10.3(12.5) Short Blades
 - Level 1.5(3.0) Ranged Weapons
 + Level 13.1 Dodging
 - Level 10.1 Stealth
 - Level 6.7(10.9) Spellcasting
 - Level 10.3(16.1) Conjurations
 - Level 7.3(11.5) Transmutations
 - Level 2.6(5.1) Ice Magic
 - Level 12.9(16.0) Earth Magic


You had 12 spell levels left.
You knew the following spells:

 Your Spells              Type           Power      Damage    Failure   Level
a - Frozen Ramparts       Ice            66%        1d10      1%          3
b - Petrify               Tmut/Erth      62%        N/A       1%          4
c - Bombard               Conj/Erth      34%        9d6       1%          6
d - Passwall              Tmut/Erth      51%        N/A       1%          2
h - Irradiate             Conj/Tmut      31%        3d22      1%          5
i - Lee's Rapid Deconstr  Erth           34%        3d17*     1%          5

Your spell library contained the following spells:

 Spells                   Type           Power      Damage    Failure   Level
 Sandblast                Erth           100%       2d20      0%          1
 Slow                     Hex            60%        N/A       1%          1
 Wereblood                Tmut           56%        N/A       1%          2
 Ignite Poison            Fire/Tmut/Pois 29%        N/A       1%          3
 Stone Arrow              Conj/Erth      100%       3d13      1%          3
 Brom's Barrelling Bould  Conj/Erth      68%        2d8       1%          4
 Leda's Liquefaction      Hex/Erth       23%        N/A       1%          4
 Fireball                 Conj/Fire      23%        3d11      2%          5
 Summon Small Mammal      Summ           44%        N/A       3%          1
 Cigotuvi's Dreadful Rot  Necr/Pois/Air  24%        N/A       4%          2
 Freezing Cloud           Conj/Ice/Air   20%        6-21      4%          5
 Confusing Touch          Hex            15%        N/A       6%          3
 Sigil of Binding         Hex            15%        N/A       6%          3
 Summon Guardian Golem    Hex/Summ       13%        N/A       8%          3
 Call Canine Familiar     Summ           11%        N/A       9%          3
 Vampiric Draining        Necr           11%        2d6       9%          3
 Cause Fear               Hex            7%         N/A       21%         4
 Dimensional Bullseye     Hex/Tloc       7%         N/A       21%         4
 Metabolic Englaciation   Hex/Ice        12%        N/A       22%         5
 Dragon's Call            Summ           5%         N/A       100%        9


Dungeon Overview and Level Annotations

Branches:
Dungeon (15/15)            Temple (1/1) D:4            Lair (5/5) D:11
  Swamp (0/4) Lair:2        Snake (4/4) Lair:3        Slime (0/5) Lair:5
    Orc (2/2) D:10            Elf (0/3) Orc:2        Vaults (0/5) D:14
 Depths (0/4) D:15          IceCv (visited)         Volcano (visited)

Altars:
Ashenzari
Cheibriados
Dithmenos
Fedhas
Gozag
Hepliaklqana
Kikubaaqudgha
Makhleb
Nemelex Xobeh
Okawaru
Qazlal
Ru
Sif Muna
Trog
Uskayaw
Vehumet
Wu Jian
Xom
Yredelemnul

Shops:
D:1 [   D:5 [   D:9 =   D:10 :   Orc:1 =   Orc:2 [*=(   Snake:3 =!(

Annotations:
D:3 Ijyb, Natasha
D:9 2 transporters, Sheldon's ghost, novice DrMo


Innate Abilities, Weirdness & Mutations

You have a pair of horns on your head.
You have a moderately thin skeletal structure. (Dex +4, Stealth++)
You are completely covered in sharp spines.
When hurt, damage is shared between your health and your magic reserves.
You regenerate magic rapidly.
You have large cloven feet.
Your flesh is heat resistant. (rF+)


Message History

Unknown command.
Unknown command.
Unknown command.
Unknown command.
Unknown command.
Unknown command.
Unknown command.
Unknown command.
Unknown command.
Unknown command.
Unknown command.
Unknown command.
Unknown command.
Unknown command.
Unknown command.
Unknown command.
Unknown command.
Unknown command.
Casting: Irradiate (mildly dangerous; 1% risk of failure)
Confirm with . or Enter, or press ? or * to list all spells.
You erupt in a fountain of uncontrolled magic!
The anaconda is blasted with magical radiation!!
You kill the anaconda!
The naga sharpshooter is blasted with magical radiation!!!
You kill the naga sharpshooter!
The naga mage is blasted with magical radiation!!!
You kill the naga mage!
The nagaraja is blasted with magical radiation!!!
You kill the nagaraja!
The nagaraja is blasted with magical radiation!!
The nagaraja is heavily wounded.
You feel very sick.
The guardian serpent coils itself and waves its upper body at you.
The bolt of poison hits you!
You are more poisoned.
* * * LOW HITPOINT WARNING * * *
The nagaraja points at you and mumbles some strange words.
The bolt of poison hits you!!!
You are more poisoned.
You die...

*,,,,,,,,,,** ***,,** *
**,,,####,*****,,,** *###*
**,##÷.##* *,,,****##?..,
**#....# **,,***##.....,
#.[..##*,,**##...⌠...,
#..)..#*,** #........⌠ #*
#.)#..#,,####........,
.####..#..#,##.#N)N.8.8.8,
...##..#..#*#...@†S......,
...#...#).# #..)))⌠.N....,
...<...#†.###............,
.......#.[##...#....8N8.8,
.......#.[.#)..##...S.§.N,
......##.[))...##........⌠
....#####.....####...⌠...,
....#...#....## *##.....,
........##..## *##.,,,


You could see a nagaraja (fast, curare), a naga sharpshooter, 2 guardian
serpents and 2 naga magi.

Vanquished Creatures
  Vashnia (Snake:4)
  Kirke (D:13)
  5 nagarajas
  An orc warlord (Orc:2)
  A stone giant (Volcano)
  An eleionoma (Lair:2)
  4 dire elephants
  A fire dragon (Lair:1)
  Harold (D:10)
  11 hydras
  Fannar (D:12)
  8 vault guards
  7 two-headed ogres
  An ogre mage (D:15)
  8 anacondas
  9 boulder beetles
  A catoblepas (Lair:1)
  7 centaur warriors
  6 death yaks
  2 tengu warriors (D:15)
  10 naga warriors
  4 orc high priests
  10 shock serpents
  A spectral dire elephant (Lair:5)
  10 naga sharpshooters
  Urug (Lair:1)
  A spectral death yak (Lair:5)
  4 salamander mystics
  2 fire crabs (Lair:4)
  8 skeletal warriors
  3 skysharks
  An arcanist (D:14)
  Lodul (D:14)
  A sea snake (Snake:4)
  An obsidian statue (Lair:5)
  3 necromancers (Lair:5)
  2 naga ritualists (Snake:4)
  4 lindwurms
  2 bog bodies (IceCv)
  4 orc knights (Orc:2)
  A deep elf pyromancer (D:14)
  8 mana vipers
  2 ugly things
  A wolf spider (D:15)
  3 manticores
  13 salamanders
  5 orc sorcerers
  7 cyclopes
  28 black mambas
  A water nymph (D:15)
  9 guardian serpents
  A black mamba (shapeshifter) (D:15)
  16 cane toads
  15 elephants
  An ice statue (IceCv)
  2 molten gargoyles (Volcano)
  A dire elephant skeleton (Lair:5)
  8 naga magi
  An unseen horror (D:11)
  8 komodo dragons
  4 gargoyles
  An efreet (Volcano)
  A freezing wraith (IceCv)
  5 rime drakes
  An anaconda simulacrum (IceCv)
  3 meliai (D:14)
  A polar bear (Lair:4)
  4 trolls
  Prince Ribbit (D:4)
  A spectral elephant (Lair:5)
  22 blink frogs
  Grinder (D:5)
  2 shadows
  Sigmund (D:2)
  A spriggan (Lair:4)
  A fire elemental (Volcano)
  2 wraiths (D:11)
  6 wyverns
  A fire bat (Volcano)
  35 yaks
  Eustachio (D:6)
  8 basilisks
  4 hogs (D:13)
  8 vampire mosquitoes
  2 wargs (Orc:2)
  4 death yak simulacra
  2 spectral cane toads (Lair:5)
  A harpy simulacrum (IceCv)
  38 nagas
  3 acid dragons
  23 water moccasins
  29 orc warriors
  2 black bears
  3 ice beasts
  3 elephant zombies (Lair:5)
  16 centaurs
  A wolf (Lair:4)
  16 ogres
  A kobold brigand (D:6)
  18 bullfrogs
  7 scorpions
  An earth elemental (Volcano)
  A cane toad simulacrum (IceCv)
  6 two-headed ogre simulacra
  3 elephant simulacra
  15 killer bees
  2 howler monkeys
  4 electric eels
  3 lava snakes (Volcano)
  A jelly (D:7)
  5 hounds
  2 gnoll boudas
  13 orc priests
  7 iguanas
  15 orc wizards
  3 sleepcaps (D:7)
  A polar bear simulacrum (IceCv)
  5 spriggan simulacra (IceCv)
  5 troll simulacra (IceCv)
  6 adders
  16 gnolls
  6 naga simulacra (IceCv)
  A shadow imp (D:6)
  5 white imps
  9 ufetubi
  A dart slug (D:5)
  73 orcs
  4 ball pythons
  5 bats
  4 endoplasms
  A giant cockroach (D:3)
  7 goblins
  4 hobgoblins
  4 jackals (D:1)
  2 quokkas
  2 frilled lizards (D:2)
  14 kobolds
  5 rats
826 creatures vanquished.

Vanquished Creatures (others)
  An anaconda (Snake:4)
1 creature vanquished.

Grand Total: 827 creatures vanquished

Notes
Turn   | Place    | Note
-------+----------+-------------------------------------------
     0 | D:5      | freelancePsychic the Demonspawn Delver began the quest for
                  | the Orb.
     0 | D:5      | Reached XP level 1. HP: 18/18 MP: 1/1
     7 | D:5      | Noticed Prince Ribbit
    18 | D:5      | Found Natwuc's Antique Armour Emporium.
   285 | D:1      | Reached skill level 1 in Ranged Weapons
   290 | D:1      | Gained mutation: You regenerate magic rapidly. [demonic
                  | ancestry]
   290 | D:1      | Reached XP level 2. HP: 22/24 MP: 2/2
   681 | D:1      | Found Plog's Armour Boutique.
   842 | D:2      | Reached XP level 3. HP: 30/30 MP: 3/3
   924 | D:2      | Reached skill level 4 in Fighting
  1300 | D:2      | Noticed Sigmund
  1621 | D:3      | Noticed Natasha
  1682 | D:3      | Gained mutation: You are partially covered in sharp spines.
                  | [demonic ancestry]
  1682 | D:3      | Reached XP level 4. HP: 37/37 MP: 4/4
  1836 | D:3      | Reached XP level 5. HP: 33/43 MP: 5/5
  1920 | D:3      | Noticed Ijyb
  1982 | D:2      | Killed Sigmund
  1983 | D:2      | Reached skill level 5 in Fighting
  1983 | D:2      | Reached skill level 5 in Stealth
  1983 | D:2      | Reached XP level 6. HP: 38/51 MP: 6/6
  2558 | D:4      | Reached skill level 5 in Short Blades
  2654 | D:4      | Learned a level 3 spell: Frozen Ramparts
  2787 | D:4      | Reached skill level 1 in Spellcasting
  2787 | D:4      | Reached XP level 7. HP: 56/56 MP: 8/8
  3156 | D:4      | Found a staircase to the Ecumenical Temple.
  3299 | Temple   | Entered the Ecumenical Temple
  3323 | Temple   | Became a worshipper of Ashenzari the Shackled
  3417 | D:5      | Reached skill level 1 in Ice Magic
  4628 | D:4      | Gained mutation: You have large cloven feet. [potion of
                  | mutation]
  4628 | D:4      | Gained mutation: You have a pair of small horns on your
                  | head. [potion of mutation]
  4628 | D:4      | Gained mutation: You have a pair of horns on your head.
                  | [potion of mutation]
  4628 | D:4      | Gained mutation: Your flesh is heat resistant. (rF+)
                  | [potion of mutation]
  5106 | D:5      | Reached skill level 1 in Earth Magic
  5106 | D:5      | Mutation became permanent: You have a pair of small horns
                  | on your head. [demonic ancestry]
  5106 | D:5      | Gained mutation: You have a pair of horns on your head.
                  | [demonic ancestry]
  5106 | D:5      | Reached XP level 8. HP: 53/62 MP: 6/14
  5143 | D:5      | Noticed Grinder
  5205 | D:6      | Reached skill level 1 in Transmutations
  5226 | D:6      | Learned a level 4 spell: Petrify
  5516 | D:5      | Paralysed by Grinder for 5 turns
  5557 | D:5      | Killed Grinder
  5995 | D:3      | Found an ornate altar of the Wu Jian Council.
  6108 | D:4      | Killed Prince Ribbit
  6259 | D:6      | Reached XP level 9. HP: 64/68 MP: 11/15
  6367 | D:6      | Noticed Eustachio
  6419 | D:6      | Killed Eustachio
  6580 | D:7      | Reached skill level 5 in Transmutations
  6580 | D:7      | Reached skill level 5 in Earth Magic
  6588 | D:7      | Reached * piety under Ashenzari
  7281 | D:7      | Reached ** piety under Ashenzari
  7836 | D:8      | Identified the +0 ring mail of the Quahog {rPois rF- Will+}
  7951 | D:8      | Gained mutation: You are mostly covered in sharp spines.
                  | [demonic ancestry]
  7951 | D:8      | Reached XP level 10. HP: 24/76 MP: 3/17
  9157 | D:1      | Bought the scarf of Terror {repulsion, rC+ Str+3} for 363
                  | gold pieces
  9675 | D:9      | Reached skill level 6 in Fighting
  9744 | D:9      | Found Ohosomec's Jewellery Boutique.
  9820 | D:9      | Reached *** piety under Ashenzari
  9869 | D:9      | Noticed a deep troll
  9875 | D:9      | Found a bloodstained altar of Trog.
  9876 | D:9      | Noticed a moth of wrath
  9876 | D:9      | Noticed a two-headed ogre
  9886 | D:9      | Found a transporter.
  9888 | D:9      | Noticed Sheldon's ghost (novice DrMo)
 10208 | D:9      | Found a transporter.
 10490 | D:10     | Entered Level 10 of the Dungeon
 10537 | D:10     | Noticed a two-headed ogre
 10546 | D:10     | Killed a two-headed ogre
 10547 | D:10     | Reached skill level 7 in Fighting
 10569 | D:10     | Found a staircase to the Orcish Mines.
 11027 | D:10     | Reached skill level 1 in Conjurations
 11410 | D:10     | Noticed Harold
 11424 | D:10     | Killed Harold
 11425 | D:10     | Reached skill level 8 in Fighting
 11425 | D:10     | Gained mutation: When hurt, damage is shared between your
                  | health and your magic reserves. [demonic ancestry]
 11425 | D:10     | Reached XP level 11. HP: 75/90 MP: 10/19
 11480 | D:10     | Found Colaf's Book Shop.
 11742 | IceCv    | Identified the "Teufugh"
 11844 | D:11     | Learned a level 5 spell: Irradiate
 12021 | D:11     | Found a frozen archway.
 12047 | IceCv    | Entered an ice cave
 12678 | IceCv    | Reached skill level 9 in Fighting
 13286 | IceCv    | Noticed a bog body
 13287 | IceCv    | Noticed a bog body
 13309 | IceCv    | Killed a bog body
 13310 | IceCv    | Reached skill level 5 in Conjurations
 13323 | IceCv    | Killed a bog body
 13974 | D:11     | Noticed a brown ugly thing
 13991 | D:11     | Killed a brown ugly thing
 13991 | D:11     | Noticed a boulder beetle
 14075 | D:11     | Reached skill level 10 in Fighting
 14110 | D:11     | Identified the +1 falchion of Fedhas's Approval {flame,
                  | Drain rElec rC+++ Str+3 Int-2}
 14292 | D:11     | Reached XP level 12. HP: 70/101 MP: 11/20
 14450 | D:11     | Found a staircase to the Lair.
 14467 | D:11     | Killed a boulder beetle
 14630 | D:11     | Found a radiant altar of Vehumet.
 15100 | D:12     | Noticed a boulder beetle
 15115 | D:12     | Killed a boulder beetle
 15290 | D:12     | Noticed Fannar
 15300 | D:12     | Killed Fannar
 15540 | D:12     | Noticed a centaur warrior
 15584 | D:12     | Killed a centaur warrior
 15797 | D:12     | Reached skill level 5 in Spellcasting
 16224 | Lair:1   | Entered Level 1 of the Lair of Beasts
 16243 | Lair:1   | Reached skill level 11 in Fighting
 16313 | Lair:1   | Noticed a catoblepas
 16330 | Lair:1   | You fall into a shaft and drop 1 floor!
 16513 | Lair:2   | Reached skill level 10 in Earth Magic
 16520 | Lair:2   | Reached **** piety under Ashenzari
 16650 | Lair:2   | Found a staircase to the Swamp.
 16650 | Lair:2   | Noticed an eleionoma
 16662 | Lair:2   | Killed an eleionoma
 16942 | Lair:2   | Noticed a seven-headed hydra
 16951 | Lair:2   | Killed a seven-headed hydra
 17083 | Lair:2   | Gained mutation: You have a somewhat thin skeletal
                  | structure. (Dex +2, Stealth+) [demonic ancestry]
 17083 | Lair:2   | Reached XP level 13. HP: 103/111 MP: 19/25
 17324 | Lair:1   | Noticed Urug
 17333 | Lair:1   | Killed Urug
 17466 | Lair:1   | Noticed a fire dragon
 17476 | Lair:1   | Killed a fire dragon
 17578 | Lair:1   | Reached skill level 12 in Fighting
 17587 | Lair:1   | Identified the ring "Man Kuma" {Fly rElec MP+9 Int+3}
 18399 | Lair:3   | Found a staircase to the Snake Pit.
 18682 | Lair:3   | Learned a level 5 spell: Lee's Rapid Deconstruction
 18689 | Lair:3   | Learned a level 6 spell: Bombard
 20123 | Lair:4   | Reached skill level 5 in Dodging
 20218 | Lair:4   | Reached skill level 13 in Fighting
 20340 | Lair:4   | Gained mutation: You are completely covered in sharp
                  | spines. [demonic ancestry]
 20340 | Lair:4   | Reached XP level 14. HP: 71/121 MP: 9/26
 21425 | Lair:5   | Entered Level 5 of the Lair of Beasts
 21592 | Lair:5   | Found a shadowy altar of Dithmenos.
 21920 | Lair:5   | Found a staircase to the Slime Pits.
 22651 | Lair:5   | Identified the +3 whip of the Baking Fulmar {heavy, *Rage
                  | rF+++ Dex+5}
 23235 | Lair:5   | Reached skill level 14 in Fighting
 23753 | D:13     | Reached XP level 15. HP: 120/129 MP: 27/27
 23914 | D:13     | Noticed Kirke
 23947 | D:13     | Killed Kirke
 23947 | D:13     | Identified the cursed +1 pair of gloves of the Ruined
                  | Sphere {Elem, Melee} (You found it on level 3 of the
                  | Dungeon)
 23947 | D:13     | Identified the cursed +2 pair of boots of the Manifest
                  | Firmament {Elem, Fort} (You found it in an ice cave)
 23947 | D:13     | Identified the cursed orb "Omniscient Incredulity" {guile,
                  | Alch, Self} (You found it on level 2 of the Dungeon)
 23947 | D:13     | Identified the cursed ring "Gloom of Ashenzari" {Wiz, Bglg,
                  | Range} (You found it on level 9 of the Dungeon)
 23948 | D:13     | Reached skill level 10 in Conjurations
 24443 | D:14     | Noticed Lodul
 24579 | D:14     | Killed Lodul
 25195 | D:14     | Found a gate to the Vaults.
 25587 | D:15     | Entered Level 15 of the Dungeon
 25633 | D:15     | Found a snail-covered altar of Cheibriados.
 26128 | D:15     | Learned a level 2 spell: Passwall
 26157 | D:15     | Reached skill level 15 in Fighting
 26390 | D:15     | Found a staircase to the Depths.
 26715 | Orc:1    | Entered Level 1 of the Orcish Mines
 26715 | Orc:1    | Found Busih's Jewellery Shop.
 26778 | Orc:1    | Found a dark tunnel.
 26781 | Volcano  | Entered a volcano
 26929 | Volcano  | Found a burning altar of Makhleb.
 27239 | Orc:1    | Paralysed by an orc sorcerer for 2 turns
 27305 | Orc:1    | Paralysed by an orc sorcerer for 2 turns
 27312 | Orc:1    | Reached skill level 10 in Stealth
 27612 | Orc:1    | Found a radiant altar of Vehumet.
 27778 | Orc:2    | Entered Level 2 of the Orcish Mines
 27887 | Orc:2    | Gained mutation: You have a moderately thin skeletal
                  | structure. (Dex +4, Stealth++) [demonic ancestry]
 27887 | Orc:2    | Reached XP level 16. HP: 145/145 MP: 30/30
 27922 | Orc:2    | Found Daaph's Antique Weapon Emporium.
 28137 | Orc:2    | Found a staircase to the Elven Halls.
 28234 | Orc:2    | Found Fyenierph's Jewellery Shop.
 28253 | Orc:2    | Reached ***** piety under Ashenzari
 28261 | Orc:2    | Found Vozybaz's General Store.
 28683 | Orc:2    | Found Suf Cos's Antique Armour Shop.
 28933 | Snake:1  | Entered Level 1 of the Snake Pit
 28981 | Snake:1  | Found a flickering gateway to a bazaar.
 28994 | Snake:1  | Reached skill level 10 in Dodging
 29013 | Bazaar   | Entered a bazaar
 29046 | Bazaar   | Found Zaeho's Armour Emporium.
 29056 | Bazaar   | Found Luafiame's Weapon Shop.
 29097 | Bazaar   | Found Powkymoa's Magic Scroll Emporium.
 29102 | Bazaar   | Found Igurph's Weapon Boutique.
 29105 | Bazaar   | Bought 3 scrolls of fear for 180 gold pieces
 29105 | Bazaar   | Bought a scroll of teleportation for 45 gold pieces
 29105 | Bazaar   | Bought a scroll of poison for 60 gold pieces
 29164 | Bazaar   | Bought a +2 cloak of willpower for 129 gold pieces
 29943 | Snake:2  | Identified a scroll of acquirement
 30786 | Snake:2  | Acquired the +8 arc blade {discharge, rElec}
 30786 | Snake:2  | Found the +8 arc blade {discharge, rElec}
 31192 | Snake:3  | Identified the +2 robe "Araamu" {rC+ Int+5}
 31248 | Snake:3  | Found Zialegox's Weapon Shop.
 31252 | Snake:3  | Found Onotuq's Distillery.
 31253 | Snake:3  | Found Zeganwur's Jewellery Shop.
 31260 | Snake:3  | Bought the amulet of Sypiaw {Reflect Regen+ rCorr Slay+2
                  | SH+5} for 663 gold pieces
 31671 | Snake:4  | Entered Level 4 of the Snake Pit
 31780 | Snake:4  | Mutation became permanent: You have a pair of small horns
                  | on your head. [demonic ancestry]
 31780 | Snake:4  | Gained mutation: You have a pair of horns on your head.
                  | [demonic ancestry]
 31780 | Snake:4  | Reached XP level 17. HP: 146/154 MP: 26/31
 32406 | Snake:4  | Reached skill level 10 in Short Blades
 32475 | Snake:4  | Noticed Vashnia
 32481 | Snake:4  | Killed Vashnia
 32507 | Snake:4  | Killed from afar by a nagaraja

Illustrated notes

Levels and vault maps discovered:
D:1:      roderic_crop_circles_arrival_small, layout_rooms, serial_shops,
          nicolae_shop_tiny_waterfront, dreamdust_princess_corridor,
          fountainhead
D:2:      layout_rooms, hex_medium, uniq_sigmund
D:3:      layout_basic, pdpol_wu_jian_five_deadly_venoms, uniq_ijyb,
          uniq_natasha
D:4:      layout_layer_cave, minmay_temple_entry_statues_pillars,
          minmay_goblin_kobold_house
D:5:      layout_rooms, serial_shops, shop, hangedman_decor_peaks_small,
          uniq_prince_ribbit1, uniq_grinder
D:6:      layout_cave_pools, uniq_eustachio
D:7:      layout_rooms
D:8:      layout_basic
D:9:      layout_loops_corners, serial_shops, shop_fountains,
          gammafunk_ghost_wrathful_warriors
D:10:     layout_loops_corners, orc_0_dummy, serial_shops, shop, uniq_harold
D:11:     layout_gridville, minmay_lair_entry_grove,
          portal_ice_cave_entry_ice_simulacra, nicolae_vehumet_altar_sigil
D:12:     layout_basic, uniq_fannar
D:13:     layout_long_grid, uniq_kirke
D:14:     minmay_connected_triangles_in_corner, layout_irregular_city,
          erik_vaults_2, chequers_serial_rivers_large_b, uniq_lodul
D:15:     hangedman_depths_entry_try_elsewhere_first, layout_rooms,
          amcnicky_mini_rare_corridor_liquid, cheibriados_altar_1
Temple:   regret_index_temple_sigil_plot
Lair:1:   dragon1_lemuel, layout_regular_city, serial_bayou_shore_b,
          lemuel_fruit_fields, grunt_megastairs_3, uniq_urug
Lair:2:   layout_gridlike, alex1729_swamp_entry_worm_eleionoma,
          hibernation_bobbens, grunt_megastairs_5
Lair:3:   layout_cave_pods, minmay_snake_entry_guardpost_small,
          serial_bayou_shore_b
Lair:4:   nzn_winding_woodlands_stair_cross [nzn_winding_woodlands_5x15_jagged,
          nzn_winding_woodlands_center_pierced_h,
          nzn_winding_woodlands_5x15_sawtooth,
          nzn_winding_woodlands_5x5_checkerboard,
          nzn_winding_woodlands_5x5_perimeter,
          nzn_winding_woodlands_5x15_split_checker,
          nzn_winding_woodlands_center_garden,
          nzn_winding_woodlands_5x15_garden], layout_small_grid,
          grunt_forest_large_clearing_hut
Lair:5:   due_jungle_book, layout_regular_city, slime_entry_1, basic_altar,
          lemuel_fruit_tree
Snake:1:  layout_onion, serial_shops, bzr_entry_lakeside, drop_trap
Snake:2:  layout_onion_interference, grunt_megastairs_4
Snake:3:  layout_cave_town, drop_trap, minmay_shop_star
Snake:4:  grunt_snake_rune_serpentine_throne, layout_cave_pods,
          nicolae_snake_bzzzt
Orc:1:    layout_caves, enter_volcano_2, basic_altar, serial_shops, shop
Orc:2:    grunt_orc_gardens, layout_diamond_mine, grunt_orc_garden,
          grunt_orc_garden, grunt_orc_garden, grunt_orc_garden, basic_altar

Skill      XL: |  1  2  3  4  5  6  7  8  9 10 11 12 13 14 15 16 17 |
---------------+----------------------------------------------------+-----
Ranged Weapons | 1 |  1.5
Fighting       | 4 5 8 10 11 13 14 15 | 15.6
Short Blades   | 2 3 5 6 9 10 | 10.3
Stealth        | 5 6 7 10 | 10.1
Spellcasting   | 1 4 6 |  6.7
Ice Magic      | 2 |  2.6
Earth Magic    | 1 4 7 9 10 11 12 | 12.9
Transmutations | 4 7 |  7.3
Conjurations   | 2 6 8 9 10 | 10.3
Dodging        | 5 7 9 12 13 | 13.1

Action                     |  1- 3 |  4- 6 |  7- 9 | 10-12 | 13-15 | 16-18 || total
---------------------------+-------+-------+-------+-------+-------+-------++-------
  Melee: Short sword       |    19 |    73 |   312 |   601 |   921 |   292 ||  2218
         Punch             |       |     1 |     5 |       |       |       ||     6
         Kick              |       |       |    85 |   197 |       |       ||   282
         Headbutt          |       |       |    46 |   196 |   338 |   125 ||   705
         Unarmed           |       |       |       |       |    16 |       ||    16
         Rapier            |       |       |       |       |       |   108 ||   108
   Fire: Sling             |   140 |       |       |       |       |       ||   140
  Throw: Dart              |       |       |    22 |       |       |       ||    22
   Cast: Frozen Ramparts   |       |       |    35 |    11 |     5 |       ||    51
         Petrify           |       |       |    16 |   122 |   123 |    19 ||   280
         Irradiate         |       |       |       |     2 |     5 |    28 ||    35
         Bombard           |       |       |       |       |   109 |    54 ||   163
         Lee's Rapid Decon |       |       |       |       |    41 |     4 ||    45
         Passwall          |       |       |       |       |     1 |       ||     1
 Invoke: Curse Item        |       |       |     3 |     3 |     2 |     3 ||    11
         Shatter the Chain |       |       |       |       |     1 |     2 ||     3
  Evoke: Wand              |       |     7 |     4 |    13 |     1 |     3 ||    28
    Use: Scroll            |     2 |     3 |     9 |     8 |     2 |     8 ||    32
         Potion            |     1 |     3 |     6 |     1 |     1 |     3 ||    15
   Stab: Sleeping          |     1 |     3 |     9 |    14 |    22 |    12 ||    61
         Paralysed         |       |     3 |     2 |       |       |       ||     5
         Distracted        |       |       |     1 |       |     3 |     3 ||     7
         Petrifying        |       |       |     9 |    57 |    66 |     7 ||   139
         Petrified         |       |       |     7 |    85 |   148 |     7 ||   247
 Armour: Leather armour    |    88 |    29 |   232 |   269 |   562 |   277 ||  1457
         Acid dragon scale |       |       |       |    73 |       |       ||    73
         Skin              |       |       |       |       |     2 |       ||     2
  Dodge: Dodged            |    77 |    29 |   180 |   251 |   489 |   342 ||  1368
         Repelled          |       |       |       |     4 |     7 |    20 ||    31
  Block: Orb               |       |       |       |       |       |    22 ||    22
         Reflection        |       |       |       |       |       |     4 ||     4

Table legend: (Time is in decaauts)
 A = Elapsed time spent in this place.
 B = Non-inter-level travel time spent in this place.
 C = Inter-level travel time spent in this place.
 D = Time resting spent in this place.
 E = Time spent auto-exploring this place.
 F = Levels seen in this place.
 G = Mean time per level.
                   A        B        C        D        E       F      G
               +--------+--------+--------+--------+--------+-----+--------+
         Total |  31939 |  30108 |   1831 |   2021 |  21783 |  30 | 1064.6 |
       Dungeon |  17634 |  16360 |   1274 |   1276 |  11933 |  15 | 1175.6 |
        Temple |     43 |     25 |     18 |      0 |      0 |   1 |   43.0 |
          Lair |   7186 |   6765 |    421 |    502 |   4849 |   5 | 1437.2 |
     Snake Pit |   3384 |   3329 |     55 |    163 |   2382 |   4 |  846.0 |
  Orcish Mines |   1381 |   1320 |     61 |     79 |    886 |   2 |  690.5 |
        Bazaar |    169 |    169 |      0 |      0 |     91 |   1 |  169.0 |
      Ice Cave |   1704 |   1704 |      0 |      0 |   1341 |   1 | 1704.0 |
       Volcano |    434 |    434 |      0 |      0 |    300 |   1 |  434.0 |
               +--------+--------+--------+--------+--------+-----+--------+

Top non-repeatable levels by time:
  Lair:5: 1999 daAuts
     D:4: 1960 daAuts
   IceCv: 1704 daAuts
     D:5: 1627 daAuts
    D:11: 1627 daAuts
  Lair:3: 1602 daAuts
  Lair:4: 1569 daAuts
     D:8: 1512 daAuts
    D:10: 1466 daAuts
    D:12: 1201 daAuts
    D:14: 1141 daAuts
 Snake:2: 1110 daAuts
     D:6: 1107 daAuts
 Snake:3: 1030 daAuts
     D:9: 1026 daAuts
